 Dungeon Crawl Stone Soup version 0.27.1-16-g815e20cd7a (webtiles) character file.

Game seed: 11289486825223703179

71 PimpSugar the Magician (level 4, -4/32 HPs)
             Began as a Demonspawn Hedge Wizard on Nov 23, 2021.
             Slain by a nameless horror (19 damage)
             ... created by miscasting Call Canine Familiar
             ... on level 2 of the Dungeon.
             The game lasted 00:09:29 (2287 turns).

PimpSugar the Magician (Demonspawn Hedge Wizard)    Turns: 2287, Time: 00:09:29

Health: -4/32      AC: 10    Str: 10    XL:     4   Next: 5%
Magic:  2/9        EV:  8    Int: 16    God:
Gold:   107        SH:  0    Dex: 13    Spells: 4/10 levels left

rFire    + . .     SeeInvis .   p - +1 whip (venom)
rCold    . . .     Faith    .   (no shield)
rNeg     . . .     Spirit   .   r - +3 scale mail {rF+}
rPois    .         Reflect  .   c - +0 hat
rElec    .         Harm     .   (no cloak)
rCorr    .         Rampage  .   v - +0 pair of gloves
Will     .....                  (no boots)
Stlth    ..........             (no amulet)
HPRegen  0.10/turn              (no ring)
MPRegen  0.11/turn              (no ring)

@: mighty
A: powered by death 1
a: no special abilities


You were on level 2 of the Dungeon.
You visited 1 branch of the dungeon, and saw 2 of its levels.

You collected 107 gold pieces.

Inventory:

Hand Weapons
 a - a +0 dagger
 n - a +0 dagger
 p - a +1 whip of venom (weapon)
Missiles
 h - 46 stones
 m - 20 poisoned darts (quivered)
Armour
 b - a +0 robe
 c - a +0 hat (worn)
 r - a +3 scale mail of fire resistance (worn)
 v - a +0 pair of gloves (worn)
Scrolls
 d - a scroll of magic mapping {unknown}
 i - 3 scrolls of teleportation
 j - a scroll of fog {unknown}
 k - a scroll of enchant weapon {unknown}
 o - a scroll of identify {unknown}
 s - a scroll of enchant armour {unknown}
 t - a scroll of blinking {unknown}
Potions
 e - a potion of heal wounds {unknown}
 g - a potion of attraction {unknown}
 l - a potion of curing {unknown}
 q - a potion of ambrosia {unknown}
 u - a potion of flight {unknown}


   Skills:
 + Level 1.2 Fighting
 + Level 0.0 Armour
 + Level 2.2 Dodging
 - Level 1.7 Stealth
 * Level 3.6 Spellcasting
 + Level 1.7 Conjurations
 + Level 1.5 Summonings
 - Level 0.8 Translocations


You had 4 spell levels left.
You knew the following spells:

 Your Spells              Type           Power      Damage    Failure   Level
a - Magic Dart            Conj           32%        1d4       54%         1
b - Call Imp              Summ           7%         N/A       71%         2
c - Call Canine Familiar  Summ           7%         N/A       90%         3

Your spell library contained the following spells:

 Spells                   Type           Power      Damage    Failure   Level
 Summon Small Mammal      Summ           28%        N/A       56%         1
 Blink                    Tloc           N/A        N/A       80%         2
 Slow                     Hex            2%         N/A       88%         2
 Conjure Flame            Conj/Fire      5%         6-21      95%         3
 Summon Guardian Golem    Hex/Summ       5%         N/A       95%         3
 Mephitic Cloud           Conj/Pois/Air  4%         N/A       96%         3


Dungeon Overview and Level Annotations

Branches:
Dungeon (2/15)

Altars:


Innate Abilities, Weirdness & Mutations

You regenerate a little health from kills.


Message History

Adjust which spell?
Okay, then.
Casting: Magic Dart (safe; 54% risk of failure)
Confirm with . or Enter, or press ? or * to list all spells.
The spell is potentially lethal to cast (90% risk of failure)!
Continue anyway?
Uppercase [Y]es or [N]o only, please.
The spell is potentially lethal to cast (90% risk of failure)!
Continue anyway?
You miscast Call Canine Familiar.
You are very lightly contaminated with residual magic.
Nothing appears to happen.
Casting: Call Canine Familiar (potentially lethal; 90% risk of failure)
Confirm with . or Enter, or press ? or * to list all spells.
You don't know that spell.
Casting: Call Canine Familiar (potentially lethal; 90% risk of failure)
Confirm with . or Enter, or press ? or * to list all spells.
The spell is potentially lethal to cast (90% risk of failure)!
Continue anyway?
You miscast Call Canine Familiar.
A chorus of moans calls out in your mind.
A nameless horror comes into view.
The nameless horror barely misses you.
The nameless horror hits you but does no damage.
The nameless horror barely misses you. The nameless horror barely misses you.
You hit the nameless horror.
The nameless horror is lightly damaged.
The nameless horror hits you!!
Ouch! That really hurt!
You feel your power leaking away. The nameless horror barely misses you.
Your magical contamination has completely faded away.
You feel very mighty all of a sudden.
The nameless horror hits you but does no damage.
You whack the nameless horror!
The nameless horror is lightly damaged.
The nameless horror barely misses you.
You barely miss the nameless horror.
The nameless horror is lightly damaged.
The nameless horror hits you!!
Ouch! That really hurt!
You die...

###.###.# #..#.. #..##.#
#.#... ##.##.#####.....
#.##.##....###.
#.#............
#..............
#####..........###.
######..X..........## #.
.......@####........###.
........####.........##.
......##..........<#....
#.........)........####.
#........†)#.......####.
#..........#............
#..........#######..####
#..........# #..# #
..........# ##..####


You could see a nameless horror.

Vanquished Creatures
  2 dart slugs
  2 bats (D:1)
  3 endoplasms
  A giant cockroach (D:2)
  5 goblins
  3 hobgoblins (D:2)
  5 kobolds
  4 quokkas
  2 ball pythons (D:1)
  2 frilled lizards
  12 rats
41 creatures vanquished.

Vanquished Creatures (collateral kills)
  Terence (D:2)
  A worm (D:2)
  A ball python (D:1)
  An endoplasm (D:1)
  A hobgoblin (D:2)
  A kobold (D:2)
6 creatures vanquished.

Grand Total: 47 creatures vanquished

Notes
Turn   | Place    | Note
-------+----------+-------------------------------------------
     0 | D:1      | PimpSugar the Demonspawn Hedge Wizard began the quest for
                  | the Orb.
     0 | D:1      | Reached XP level 1. HP: 13/13 MP: 4/4
   315 | D:1      | Gained mutation: You regenerate a little health from kills.
                  | [demonic ancestry]
   315 | D:1      | Reached XP level 2. HP: 7/20 MP: 1/6
   677 | D:1      | Learned a level 2 spell: Call Imp
  1602 | D:2      | Reached XP level 3. HP: 19/25 MP: 1/7
  1665 | D:2      | Noticed Terence
  1677 | D:2      | Killed Terence
  1678 | D:2      | Reached skill level 1 in Fighting
  2107 | D:2      | Reached XP level 4. HP: 23/32 MP: 2/9
  2249 | D:2      | Learned a level 3 spell: Call Canine Familiar
  2260 | D:2      | Noticed a nameless horror
  2287 | D:2      | Slain by a nameless horror

Illustrated notes

Levels and vault maps discovered:
D:1:      heliophobic_arrival_glass_houses, layout_basic, minmay_tetromino_o4
D:2:      layout_rooms, uniq_terence

Skill      XL: |  1  2  3 |
---------------+----------+-----
Dodging        | 2 |  2.2
Fighting       | 1 |  1.2
Stealth        | |  1.7
Spellcasting   | |  3.6
Conjurations   | |  1.7
Summonings     | |  1.5
Translocations | |  0.8

Action                   |  1- 3 |  4- 6 || total
-------------------------+-------+-------++-------
Melee: Dagger            |    27 |       ||    27
       Whip              |    36 |     8 ||    44
 Cast: Magic Dart        |    51 |       ||    51
       Call Imp          |    13 |       ||    13
  Use: Potion            |     1 |     1 ||     2
       Scroll            |     1 |       ||     1
Armor: Robe              |     2 |       ||     2
       Scale mail        |    30 |     5 ||    35
Dodge: Dodged            |    36 |     6 ||    42
